 Dungeon Sprint DCSS version 0.17-a0-1951-g62301d3 (webtiles) character file.

71094 Kidiri the Imperceptible (level 13, 0/55 HPs)
             Began as a Spriggan Enchanter on Oct 2, 2015.
             Was the Champion of Dithmenos.
             Killed by a malign offering
             ... invoked by a deep elf high priest
              (17 damage)
             ... in the Dungeon (Sprint III: "The Ten Rune Challenge").
             The game lasted 00:35:28 (5987 turns).

Kidiri the Imperceptible (Spriggan Enchanter)       Turns: 5987, Time: 00:35:28

Health: 0/55       AC: 11    Str:  8    XL:     13   Next: 89%
Magic:  41/48      EV: 38    Int: 24    God:    Dithmenos [******]
Gold:   2376       SH:  0    Dex: 19    Spells: 11 memorised, 1 level left

rFire  . . .     SeeInvis +     a - +1 dagger
rCold  + . .     Clarity  .     j - +2 robe {rPois}
rNeg   . . .     SustAt   .     (shield restricted)
rPois  +         Gourm    .     B - +3 hat of Pondering {ponderous, MR+ MP+10 Int+5}
rElec  .         Spirit   .     C - +2 cloak "Iral" {*Contam rC+ MR+++ Str+4}
rCorr  .         Warding  .     (gloves unavailable)
rMut   .         NoTele   +     (boots unavailable)
MR     +++++                    (no amulet)
Stlth  ++++++++++               (no ring)
                                (no ring)

@: wreathed by umbra, very quick, almost entirely resistant to hostile
enchantments, uncannily stealthy
A: unfitting armour, repulsion field 1, see invisible, breathe flames 1,
deterioration 1, herbivore 3, speed 3, high mp 1, slow metabolism 2, MP-powered
wands
a: Shadow Step, Shadow Form, Renounce Religion, Breathe Fire
}: 2/10 runes: serpentine, barnacled


You were in the Dungeon.
You worshipped Dithmenos.
Dithmenos was exalted by your worship.
You were full.

You visited 1 branch You collected 3283 gold pieces.
You spent 907 gold pieces at shops.

Inventory:

Hand weapons
 a - a +1 dagger (weapon)
Missiles
 u - 10 throwing nets (quivered)
Armour
 j - a +2 robe of poison resistance (worn)
 B - the +3 hat of Pondering (worn) {ponderous, MR+ MP+10 Int+5}
   (You bought it in a shop in the Dungeon)

   It affects your intelligence (+5).
   It affects your resistance to hostile enchantments.
   It affects your magic capacity (+10).
 C - the +2 cloak "Iral" (worn) {*Contam rC+ MR+++ Str+4}
   (You bought it in a shop in the Dungeon)

   It affects your strength (+4).
   It protects you from cold.
   It affects your resistance to hostile enchantments.
   It causes magical contamination when unequipped.
 N - a +1 robe of positive energy
Magical devices
 f - a wand of teleportation (6)
Scrolls
 k - a scroll of torment {unknown}
 l - a scroll of identify {unknown}
 m - a scroll of remove curse {unknown}
 q - a scroll of holy word {unknown}
 r - 2 scrolls of fog {unknown}
 s - a scroll of enchant weapon {unknown}
Potions
 c - 2 potions of might
 g - a potion of haste
 h - a potion of magic
 i - 2 potions of berserk rage
 o - 4 potions of cure mutation
 t - 2 potions of flight
 v - a potion of brilliance {unknown}
 x - a potion of curing
 z - a potion of degeneration {unknown}
 A - a potion of cancellation {unknown}
Books
 b - a book of Minor Magic

   Spells                             Type                      Level
   a - Magic Dart                     Conjuration                  1
   b - Blink                          Translocation                2
   c - Call Imp                       Summoning                    2
   d - Repel Missiles                 Charms/Air                   2
   e - Slow                           Hexes                        2
   f - Conjure Flame                  Conjuration/Fire             3
   g - Mephitic Cloud                 Conjuration/Poison/Air       3
Comestibles
 n - 25 royal jellies
 w - 6 fruits


   Skills:
 * Level 15.9 Short Blades
 + Level 8.5 Armour
 * Level 20.0 Dodging
 * Level 21.5 Stealth
 * Level 17.3 Spellcasting
 + Level 8.1 Conjurations
 + Level 13.1 Hexes
 + Level 2.4 Summonings
 + Level 9.2 Ice Magic
 + Level 7.8 Earth Magic
 + Level 9.8 Poison Magic
 - Level 3.1 Invocations


You had one spell level left.
You knew the following spells:

 Your Spells              Type           Power        Failure   Level  Hunger
a - Corona                Hex            ######.      0%          1    None
b - Ensorcelled Hibernat  Hex/Ice        ######       1%          2    None
c - Confuse               Hex            ######..     1%          3    None
d - Tukima's Dance        Hex            ######..     1%          3    None
e - Dazzling Spray        Conj/Hex       ######..     1%          3    None
f - Fulminant Prism       Conj/Hex       ######....   1%          4    None
g - Iskenderun's Mystic   Conj           ######..     1%          4    None
h - Venom Bolt            Conj/Pois      ######....   1%          5    None
i - Iron Shot             Conj/Erth      ######....   17%         6    ####...
j - Orb of Destruction    Conj           ######....   85%         7    #####..
k - Spellforged Servitor  Conj/Summ      #####.....   99%         7    #####..


Dungeon Overview and Level Annotations

Branches:
Dungeon (1/1)

Altars:
Cheibriados
Dithmenos
Elyvilon
Fedhas
Gozag
Kikubaaqudgha
Makhleb
Nemelex Xobeh
Okawaru
Qazlal
Ru
Sif Muna
Trog
Vehumet
Xom
Yredelemnul
Zin
The Shining One
Jiyva
Lugonu

Shops:
D [}!=(?*


Innate Abilities, Weirdness & Mutations

You are tiny and cannot use many weapons and most armour.
You have supernaturally acute eyesight.
You are a herbivore.
You cover ground extremely quickly.
You need consume almost no food.
You are surrounded by a mild repulsion field (EV +2).
You can breathe flames.
Your body sometimes deteriorates upon taking damage.
You have an increased reservoir of magic (+10% MP).
You expend magic power (3 MP) to strengthen your wands.


Message History

Casting: Iskenderun's Mystic Blast
Confirm with . or Enter, or press ? or * to list all spells.
Aiming: Dazzling Spray
Press: ? - help, Shift-Dir - straight line, f - orc priest
Aim: an orc priest (hasn't noticed you, summoned, umbra)
Okay, then.
Unknown command.
Casting: Dazzling Spray
Confirm with . or Enter, or press ? or * to list all spells.
Aiming: Iskenderun's Mystic Blast
Press: ? - help, Shift-Dir - straight line, f - orc priest
Aim: an orc priest (hasn't noticed you, summoned, umbra)
The orb of energy hits the orc priest.
You kill the orc priest!
The orc priest's corpse dissolves into shadows!
The orb of energy explodes!
The mystic blast hits the orc warrior.
The orc warrior is heavily wounded.
The deep elf high priest utters a dark prayer and points at you.
Your life force is offered up.
You die...

▓▓▓▓▓▓▓▓▓▓ # #.....#.[#######
### ###....#∩..'.#§§§# ...'
#..........#.#§§@##≈≈≈≈#
#.[......#.#.#§§§§≈≈|..o
#........###.#(..##≈≈≈≈#
#.###..##..#.'..)# J.e' #.#
#.############ ###
#'###########################
#....#.#.#)....#......+...≈≈#
##.#.)#.##.###.#......#...≈≈###
'##.#.#.##.#).##......#...≈≈≈≈#


You could see a deep elf high priest, an orc warrior and a jelly.

Vanquished Creatures
  Rupert (D)
  A deep elf master archer (D)
  Polyphemus (D)
  Gastronok (D)
  A greater naga (D)
  Ilsuiw (D)
  Maud (D)
  2 deep elf demonologists (D)
  2 dire elephants (D)
  A deep elf annihilator (D)
  A merfolk javelineer (D)
  A deep elf death mage (D)
  Erolcha (D)
  A naga warrior (D)
  2 hydras (D)
  8 anacondas (D)
  4 death yaks (D)
  An orc high priest (D)
  A sea snake (D)
  An orc knight (D)
  A death drake (D)
  A deep elf summoner (D)
  A spriggan druid (D)
  A deep elf conjurer (D)
  A lindwurm (D)
  2 elephants (D)
  4 black mambas (D)
  A guardian serpent (D)
  2 spiny frogs (D)
  A komodo dragon (D)
  A fire drake (D)
  A queen bee (D)
  4 deep elf priests (D)
  3 wandering mushrooms (D)
  8 blink frogs (D)
  A shadow (D)
  2 trapdoor spiders (D)
  4 redbacks (D)
  2 spriggans (D)
  2 nagas (D)
  2 hill giants (D)
  A spatial vortex (D)
  4 water moccasins (D)
  A swamp drake (D)
  A necrophage (D)
  3 two-headed ogres (D)
  2 brain worms (D)
  A water elemental (D)
  32 killer bees (D)
  An electric eel (D)
  An orc priest (D)
  A jelly (D)
  A wizard (D)
  3 orc wizards (D)
  3 sheep (D)
  A necromancer (D)
  3 humans (D)
  A kobold demonologist (D)
  5 adders (D)
  An ooze (D)
  A phantom (D)
  10 orcs (D)
  3 rats (D)
158 creatures vanquished.

Vanquished Creatures (collateral kills)
  An orc sorcerer (D)
  An orc warrior (D)
2 creatures vanquished.

Vanquished Creatures (others)
  2 draconian scorchers (D)
  A dancing weapon (D)
  3 yaktaurs (D)
  2 fulminant prisms (D)
8 creatures vanquished.

Grand Total: 168 creatures vanquished

Notes
Turn   | Place    | Note
--------------------------------------------------------------
     0 | D        | Kidiri the Spriggan Enchanter began the quest for the Orb.
     0 | D        | Reached XP level 1. HP: 9/9 MP: 5/5
    54 | D        | Reached skill level 5 in Stealth
    54 | D        | Reached XP level 2. HP: 13/13 MP: 5/7
    73 | D        | Learned a level 2 spell: Ensorcelled Hibernation
   144 | D        | Killed a yaktaur
   187 | D        | Reached skill level 1 in Armour
   204 | D        | Gained mutation: You have an increased reservoir of magic (+10% MP). [potion of mutation]
   204 | D        | Gained mutation: You can breathe flames. [potion of mutation]
   204 | D        | Gained mutation: You are surrounded by a mild repulsion field (EV +2). [potion of mutation]
   205 | D        | Gained mutation: Your body sometimes deteriorates upon taking damage. [potion of mutation]
   205 | D        | Gained mutation: You expend magic power (3 MP) to strengthen your wands. [potion of mutation]
   249 | D        | Killed a white draconian scorcher
   259 | D        | Noticed a water elemental
   262 | D        | Killed a water elemental
   262 | D        | Reached skill level 5 in Dodging
   262 | D        | Reached skill level 7 in Stealth
   262 | D        | Reached skill level 5 in Spellcasting
   262 | D        | Reached skill level 1 in Ice Magic
   262 | D        | Reached XP level 3. HP: 16/16 MP: 9/11
   262 | D        | Reached XP level 4. HP: 21/21 MP: 10/13
   266 | D        | Killed a white draconian scorcher
   267 | D        | Learned a level 3 spell: Confuse
   271 | D        | Learned a level 3 spell: Tukima's Dance
   275 | D        | Learned a level 3 spell: Dazzling Spray
   294 | D        | Noticed a jelly
   295 | D        | Noticed a shadow
   297 | D        | Killed a shadow
   297 | D        | Reached skill level 5 in Short Blades
   297 | D        | Reached skill level 9 in Stealth
   297 | D        | Reached skill level 1 in Conjurations
   297 | D        | Reached skill level 5 in Hexes
   297 | D        | Reached XP level 5. HP: 24/24 MP: 14/16
   301 | D        | Killed a jelly
   301 | D        | Reached XP level 6. HP: 28/28 MP: 15/18
   319 | D        | Found a stormy altar of Qazlal.
   320 | D        | Found a sacrificial altar of Ru.
   320 | D        | Found a burning altar of Makhleb.
   320 | D        | Found a viscous altar of Jiyva.
   320 | D        | Found a shimmering altar of Xom.
   320 | D        | Found a shadowy altar of Dithmenos.
   320 | D        | Found a sparkling altar of Nemelex Xobeh.
   320 | D        | Found a corrupted altar of Lugonu.
   320 | D        | Found an opulent altar of Gozag.
   320 | D        | Noticed a spatial vortex
   330 | D        | Became a worshipper of Dithmenos the Shadowed
   496 | D        | Killed a spatial vortex
   496 | D        | Reached skill level 1 in Invocations
   612 | D        | Found a radiant altar of Vehumet.
   613 | D        | Found a deep blue altar of Sif Muna.
   613 | D        | Found an ancient bone altar of Kikubaaqudgha.
   613 | D        | Noticed a wizard
   614 | D        | Killed a wizard
   614 | D        | Reached skill level 10 in Stealth
   630 | D        | Learned a level 4 spell: Fulminant Prism
   635 | D        | Learned a level 4 spell: Iskenderun's Mystic Blast
   644 | D        | Found a glowing silver altar of Zin.
   645 | D        | Found a glowing golden altar of the Shining One.
   645 | D        | Found a white marble altar of Elyvilon.
   645 | D        | Noticed a deep elf priest
   647 | D        | Killed a deep elf priest
   647 | D        | Reached skill level 11 in Stealth
   647 | D        | Reached XP level 7. HP: 32/32 MP: 19/21
   656 | D        | Found an iron altar of Okawaru.
   657 | D        | Found a bloodstained altar of Trog.
   657 | D        | Noticed a human
   657 | D        | Noticed a human
   659 | D        | Killed a human
   659 | D        | Reached skill level 10 in Dodging
   660 | D        | Killed a human
   675 | D        | Found a snail-covered altar of Cheibriados.
   675 | D        | Noticed a necrophage
   676 | D        | Found a basalt altar of Yredelemnul.
   676 | D        | Found a blossoming altar of Fedhas.
   676 | D        | Noticed a necromancer
   677 | D        | Killed a necrophage
   677 | D        | Acquired Dithmenos's first power
   677 | D        | Reached XP level 8. HP: 36/36 MP: 24/24
   678 | D        | Killed a necromancer
   703 | D        | Learned a level 5 spell: Venom Bolt
   709 | D        | Noticed a two-headed ogre
   709 | D        | Noticed a two-headed ogre
   713 | D        | Killed a two-headed ogre
   718 | D        | Noticed a two-headed ogre
   730 | D        | Killed a two-headed ogre
   730 | D        | Reached skill level 12 in Stealth
   744 | D        | Killed a two-headed ogre
   744 | D        | Acquired Dithmenos's second power
   744 | D        | Reached skill level 1 in Poison Magic
   767 | D        | Noticed a hill giant
   770 | D        | Killed a hill giant
   854 | D        | Noticed a hill giant
   854 | D        | Noticed Erolcha
   856 | D        | Killed Erolcha
   856 | D        | Reached skill level 13 in Stealth
   856 | D        | Reached skill level 10 in Spellcasting
   856 | D        | Reached XP level 9. HP: 39/39 MP: 24/26
   857 | D        | Killed a hill giant
   868 | D        | Noticed a redback
   870 | D        | Killed a redback
   918 | D        | Noticed a trapdoor spider
  1019 | D        | Killed a yaktaur
  1204 | D        | Noticed a trapdoor spider
  1209 | D        | Killed a trapdoor spider
  1209 | D        | Acquired Dithmenos's third power
  1217 | D        | Killed a trapdoor spider
  1333 | D        | Noticed a killer bee
  1333 | D        | Noticed a killer bee
  1333 | D        | Noticed a killer bee
  1333 | D        | Noticed a killer bee
  1333 | D        | Noticed a killer bee
  1333 | D        | Noticed a killer bee
  1333 | D        | Noticed a killer bee
  1333 | D        | Noticed a killer bee
  1333 | D        | Noticed a killer bee
  1333 | D        | Noticed a killer bee
  1333 | D        | Noticed a killer bee
  1333 | D        | Noticed a killer bee
  1333 | D        | Noticed a killer bee
  1333 | D        | Noticed a killer bee
  1333 | D        | Noticed a killer bee
  1334 | D        | Killed a killer bee
  1335 | D        | Noticed a killer bee
  1335 | D        | Noticed a killer bee
  1336 | D        | Noticed a killer bee
  1336 | D        | Noticed a killer bee
  1336 | D        | Killed a killer bee
  1337 | D        | Noticed a killer bee
  1337 | D        | Killed a killer bee
  1338 | D        | Killed a killer bee
  1338 | D        | Reached skill level 5 in Ice Magic
  1339 | D        | Noticed a killer bee
  1339 | D        | Noticed a queen bee
  1339 | D        | Killed a killer bee
  1339 | D        | Acquired Dithmenos's fourth power
  1339 | D        | Killed a killer bee
  1339 | D        | Reached skill level 14 in Stealth
  1340 | D        | Noticed a killer bee
  1370 | D        | Killed a yaktaur
  1493 | D        | Killed a killer bee
  1495 | D        | Noticed a killer bee
  1497 | D        | Killed a killer bee
  1499 | D        | Killed a killer bee
  1501 | D        | Killed a killer bee
  1502 | D        | Noticed a killer bee
  1502 | D        | Noticed a killer bee
  1502 | D        | Noticed a killer bee
  1503 | D        | Noticed a killer bee
  1506 | D        | Noticed a killer bee
  1508 | D        | Killed a killer bee
  1508 | D        | Reached skill level 10 in Short Blades
  1510 | D        | Killed a killer bee
  1512 | D        | Killed a killer bee
  1514 | D        | Killed a killer bee
  1515 | D        | Killed a killer bee
  1525 | D        | Killed a killer bee
  1546 | D        | Killed a killer bee
  1568 | D        | Killed a killer bee
  1789 | D        | Noticed a killer bee
  1792 | D        | Killed a killer bee
  1795 | D        | Killed a killer bee
  1801 | D        | Noticed a killer bee
  1805 | D        | Noticed a killer bee
  1805 | D        | Killed a killer bee
  1807 | D        | Killed a killer bee
  1807 | D        | Killed a killer bee
  1946 | D        | Killed a killer bee
  1949 | D        | Killed a killer bee
  1951 | D        | Killed a killer bee
  1952 | D        | Noticed a killer bee
  1957 | D        | Killed a killer bee
  1958 | D        | Killed a killer bee
  1958 | D        | Reached XP level 10. HP: 44/44 MP: 9/29
  1964 | D        | Killed a killer bee
  1969 | D        | Killed a queen bee
  1969 | D        | Reached skill level 5 in Armour
  2116 | D        | Killed a killer bee
  2118 | D        | Killed a killer bee
  2146 | D        | Killed a killer bee
  2222 | D        | Noticed a wandering mushroom
  2223 | D        | Noticed a wandering mushroom
  2223 | D        | Noticed a wandering mushroom
  2225 | D        | Killed a wandering mushroom
  2237 | D        | Learned a level 6 spell: Iron Shot
  2251 | D        | Killed a wandering mushroom
  2251 | D        | Reached skill level 15 in Stealth
  2255 | D        | Killed a wandering mushroom
  2363 | D        | Noticed a spiny frog
  2363 | D        | Noticed a komodo dragon
  2363 | D        | Noticed a spiny frog
  2366 | D        | Killed a spiny frog
  2366 | D        | Reached skill level 1 in Earth Magic
  2366 | D        | Reached skill level 5 in Poison Magic
  2376 | D        | Killed a spiny frog
  2379 | D        | Killed a komodo dragon
  2506 | D        | Noticed a redback
  2508 | D        | Killed a redback
  2509 | D        | Noticed a brain worm
  2513 | D        | Killed a brain worm
  2517 | D        | Noticed a brain worm
  2520 | D        | Killed a brain worm
  2526 | D        | Noticed a lindwurm
  2531 | D        | Killed a lindwurm
  2531 | D        | Reached skill level 5 in Conjurations
  2539 | D        | Noticed a redback
  2539 | D        | Noticed a redback
  2539 | D        | Noticed Maud
  2543 | D        | Killed a redback
  2546 | D        | Killed a redback
  2548 | D        | Killed Maud
  2548 | D        | Reached skill level 16 in Stealth
  2548 | D        | Reached XP level 11. HP: 47/47 MP: 21/31
  2592 | D        | Noticed an electric eel
  2593 | D        | Noticed a six-headed hydra
  2593 | D        | Noticed a six-headed hydra
  2596 | D        | Killed an electric eel
  2598 | D        | Killed a six-headed hydra
  2598 | D        | Reached skill level 15 in Dodging
  2598 | D        | Reached skill level 10 in Hexes
  2599 | D        | Killed a six-headed hydra
  2638 | D        | Noticed a death drake
  2641 | D        | Killed a death drake
  2651 | D        | Found a blossoming altar of Fedhas.
  2651 | D        | Noticed a spriggan
  2651 | D        | Noticed a spriggan druid
  2651 | D        | Noticed a spriggan
  2653 | D        | Killed a spriggan druid
  2654 | D        | Killed a spriggan
  2655 | D        | Killed a spriggan
  2675 | D        | Noticed a water moccasin
  2675 | D        | Noticed a water moccasin
  2675 | D        | Noticed a black mamba
  2678 | D        | Killed a black mamba
  2678 | D        | Reached skill level 17 in Stealth
  2687 | D        | Killed a water moccasin
  2697 | D        | Killed a water moccasin
  2745 | D        | Noticed a black mamba
  2745 | D        | Noticed an anaconda
  2745 | D        | Noticed a water moccasin
  2745 | D        | Noticed an anaconda
  2745 | D        | Noticed an anaconda
  2745 | D        | Noticed an anaconda
  2747 | D        | Killed an anaconda
  2748 | D        | Killed an anaconda
  2749 | D        | Killed an anaconda
  2751 | D        | Killed an anaconda
  2752 | D        | Killed a black mamba
  2754 | D        | Killed a water moccasin
  2780 | D        | Learned a level 7 spell: Orb of Destruction
  2783 | D        | Noticed an anaconda
  2783 | D        | Noticed an anaconda
  2783 | D        | Noticed a water moccasin
  2785 | D        | Killed an anaconda
  2787 | D        | Killed an anaconda
  2787 | D        | Reached skill level 18 in Stealth
  2787 | D        | Reached XP level 12. HP: 44/51 MP: 29/34
  2789 | D        | Killed a water moccasin
  2790 | D        | Noticed an anaconda
  2790 | D        | Noticed an anaconda
  2798 | D        | Killed an anaconda
  2799 | D        | Killed an anaconda
  2799 | D        | Reached skill level 5 in Earth Magic
  2833 | D        | Noticed a naga
  2833 | D        | Noticed a naga
  2834 | D        | Noticed a naga warrior
  2834 | D        | Noticed a greater naga
  2834 | D        | Found Hontimei's Jewellery Shop.
  2834 | D        | Found Mingenes's Antique Weapon Shoppe.
  2834 | D        | Found Fust's Magic Scroll Boutique.
  2835 | D        | Killed a naga
  2836 | D        | Killed a naga
  2838 | D        | Killed a naga warrior
  2839 | D        | Killed a greater naga
  2851 | D        | Noticed a guardian serpent
  2853 | D        | Killed a guardian serpent
  2857 | D        | Got a serpentine rune of Zot
  2940 | D        | Noticed a swamp drake
  2940 | D        | Noticed a fire drake
  2941 | D        | Killed a fire drake
  2941 | D        | Reached skill level 15 in Spellcasting
  2943 | D        | Killed a swamp drake
  2951 | D        | Noticed a blink frog
  2951 | D        | Noticed a blink frog
  2951 | D        | Noticed a blink frog
  2955 | D        | Noticed a blink frog
  2956 | D        | Noticed a blink frog
  2956 | D        | Killed a blink frog
  2958 | D        | Killed a blink frog
  2960 | D        | Killed a blink frog
  2962 | D        | Killed a blink frog
  2970 | D        | Killed a blink frog
  3030 | D        | Noticed Rupert
  3049 | D        | Killed Rupert
  3049 | D        | Reached skill level 19 in Stealth
  3146 | D        | Noticed a death yak
  3147 | D        | Noticed a death yak
  3147 | D        | Noticed a blink frog
  3148 | D        | Noticed an azure jelly
  3148 | D        | Noticed a death yak
  3148 | D        | Noticed an azure jelly
  3148 | D        | Noticed a blink frog
  3148 | D        | Noticed a death yak
  3149 | D        | Killed a death yak
  3150 | D        | Killed a death yak
  3151 | D        | Killed a blink frog
  3152 | D        | Noticed a blink frog
  3152 | D        | Noticed a black mamba
  3153 | D        | Killed a death yak
  3154 | D        | Noticed a black mamba
  3155 | D        | Killed a death yak
  3156 | D        | Killed a blink frog
  3157 | D        | Killed a blink frog
  3159 | D        | Killed a black mamba
  3160 | D        | Killed a black mamba
  3160 | D        | Reached XP level 13. HP: 55/55 MP: 28/37
  3176 | D        | Noticed an azure jelly
  3176 | D        | Noticed an azure jelly
  3202 | D        | Noticed Polyphemus
  3203 | D        | Noticed Ilsuiw
  3204 | D        | Killed Polyphemus
  3210 | D        | Killed Ilsuiw
  3210 | D        | Reached skill level 20 in Stealth
  3216 | D        | Found Asul's Antique Armour Shoppe.
  3216 | D        | Found Uckagaul's Gadget Boutique.
  3216 | D        | Found Juyshrith's Distillery.
  3216 | D        | Noticed a sea snake
  3216 | D        | Noticed a merfolk javelineer
  3218 | D        | Killed a sea snake
  3227 | D        | Killed a merfolk javelineer
  3242 | D        | Got a barnacled rune of Zot
  3315 | D        | Noticed an elephant
  3315 | D        | Noticed an elephant
  3315 | D        | Noticed a dire elephant
  3315 | D        | Noticed a dire elephant
  3315 | D        | Noticed Gastronok
  3317 | D        | Killed Gastronok
  3317 | D        | Reached skill level 15 in Short Blades
  3318 | D        | Killed a dire elephant
  3320 | D        | Killed a dire elephant
  3328 | D        | Killed an elephant
  3329 | D        | Killed an elephant
  3553 | D        | Learned a level 7 spell: Spellforged Servitor
  3591 | D        | Noticed an orc priest
  3592 | D        | Noticed an orc warrior
  3592 | D        | Noticed an orc sorcerer
  3592 | D        | Noticed an orc wizard
  3592 | D        | Noticed an orc wizard
  3592 | D        | Noticed an orc wizard
  3592 | D        | Noticed an orc knight
  3592 | D        | Noticed an orc high priest
  3594 | D        | Killed an orc wizard
  3594 | D        | Killed an orc priest
  3598 | D        | Killed an orc wizard
  3602 | D        | Found Gaiqet's Assorted Antiques.
  3602 | D        | Killed an orc sorcerer
  3618 | D        | Killed an orc wizard
  3620 | D        | Killed an orc high priest
  3627 | D        | Killed an orc warrior
  3636 | D        | Killed an orc knight
  4056 | D        | Bought a polished cloak for 152 gold pieces
  4056 | D        | Bought the +3 hat of Pondering {ponderous, MR+ MP+10 Int+5} for 273 gold pieces
  4056 | D        | Bought a brightly glowing cloak for 152 gold pieces
  4061 | D        | Identified the +4 cloak of the Republic {rN++ MP+9 Dex-3 Stlth+} (You bought it in a shop in the Dungeon)
  4071 | D        | Identified the +2 cloak "Iral" {*Contam rC+ MR+++ Str+4} (You bought it in a shop in the Dungeon)
  4286 | D        | Noticed a deep elf conjurer
  4286 | D        | Noticed a deep elf summoner
  4286 | D        | Noticed a deep elf priest
  4286 | D        | Noticed a deep elf priest
  4286 | D        | Noticed a deep elf priest
  4293 | D        | Killed a deep elf priest
  4296 | D        | Killed a deep elf conjurer
  4300 | D        | Killed a deep elf priest
  4300 | D        | Reached skill level 1 in Summonings
  4300 | D        | Killed a deep elf priest
  4300 | D        | Reached skill level 21 in Stealth
  4301 | D        | Killed a deep elf summoner
  4367 | D        | Noticed a deep elf demonologist
  4394 | D        | Bought a paperback book for 330 gold pieces
  4432 | D        | Noticed a deep elf demonologist
  4433 | D        | Noticed a deep elf death mage
  4434 | D        | Noticed a deep elf annihilator
  4434 | D        | Noticed a deep elf annihilator
  4436 | D        | Noticed a deep elf high priest
  4440 | D        | Killed a deep elf demonologist
  4633 | D        | Noticed a deep elf master archer
  4646 | D        | Killed a deep elf annihilator
  4818 | D        | Killed a deep elf death mage
  4823 | D        | Killed a ghostly deep elf death mage
  5120 | D        | Killed a deep elf demonologist
  5861 | D        | Killed a ghostly deep elf demonologist
  5865 | D        | Killed a deep elf master archer
  5987 | D        | Killed from afar by a deep elf high priest

Vault maps used:
D:        dungeon_sprint_mu

Action                   |  1- 3 |  4- 6 |  7- 9 | 10-12 | 13-15 || total
-------------------------+-------+-------+-------+-------+-------++-------
Melee: Dagger            |    15 |    11 |    80 |    91 |    37 ||   234
 Cast: Ensorcelled Hiber |     5 |       |    28 |    20 |     6 ||    59
       Corona            |     1 |     1 |       |       |       ||     2
       Dazzling Spray    |       |    11 |     7 |    22 |    42 ||    82
       Iskenderun's Myst |       |       |    17 |     1 |    20 ||    38
       Venom Bolt        |       |       |       |     4 |     2 ||     6
       Tukima's Dance    |       |       |       |     1 |     2 ||     3
       Iron Shot         |       |       |       |       |     8 ||     8
       Fulminant Prism   |       |       |       |       |     2 ||     2
Invok: Shadow Step       |       |       |       |    11 |     5 ||    16
  Use: Potion            |     3 |     1 |       |       |     3 ||     7
       Scroll            |       |       |       |       |     1 ||     1
 Stab: Sleeping          |     6 |     5 |    24 |    51 |    15 ||   101
       Invisible         |       |       |       |     6 |     6 ||    12
       Distracted        |       |       |       |     1 |       ||     1
  Eat: Bread ration      |       |       |     1 |       |     1 ||     2
